 Dungeon Crawl Stone Soup version 0.25.1-2-g60ff931df9 (webtiles) character file.

Game seed: 13177541292120853349

11651 Chudej the Destroyer (level 11, -8/53 (54) HPs)
             Began as a Deep Elf Conjurer on Aug 14, 2020.
             Mangled by a queen bee (14 damage)
             ... on level 1 of the Lair of Beasts.
             The game lasted 00:31:02 (15545 turns).

Chudej the Destroyer (Deep Elf Conjurer)           Turns: 15545, Time: 00:31:03

HP:   -8/53 (54)    AC:  8    Str:  5    XL:     11   Next: 52%
MP:   24/27         EV: 15    Int: 30    God:
Gold: 823           SH:  0    Dex: 15    Spells: 14/30 levels left

rFire    . . .     SeeInvis .   G - +0 shortbow
rCold    . . .     Gourm    .   (shield currently unavailable)
rNeg     + . .     Faith    .   I - +1 acid dragon scales
rPois    .         Spirit   .   J - +0 helmet
rElec    .         Reflect  .   (no cloak)
rCorr    +         Harm     .   (no gloves)
MR       +....                  (no boots)
Stlth    ++++......             (no amulet)
HPRegen  0.17/turn              u - ring of positive energy
MPRegen  0.20/turn              E - +6 ring of intelligence

@: lethally poisoned (-8 -> -17)
A: no striking features
a: no special abilities


You were on level 1 of the Lair of Beasts.
You were hungry.

You visited 2 branches of the dungeon, and saw 12 of its levels.

You collected 823 gold pieces.

Inventory:

Hand Weapons
 G - a +0 shortbow (weapon)
Missiles
 w - 224 arrows (quivered)
Armour
 I - +1 acid dragon scales (worn)
 J - a +0 helmet (worn)
Jewellery
 u - a ring of positive energy (left hand)
 E - a +6 ring of intelligence (right hand)
Wands
 p - a wand of disintegration (3)
 v - a wand of flame (7)
 y - a wand of enslavement (6)
 B - a wand of random effects (47)
 C - a wand of digging (8)
 K - a wand of clouds (12)
 P - a wand of acid (10)
Scrolls
 b - 2 scrolls of identify
 f - 3 scrolls of immolation
 i - 8 scrolls of remove curse
 k - 2 scrolls of noise {unknown}
 l - 5 scrolls of amnesia {unknown}
 m - 4 scrolls of magic mapping {unknown}
 o - 2 scrolls of enchant weapon {unknown}
 r - 4 scrolls of teleportation {unknown}
 x - a scroll of random uselessness {unknown}
 D - 2 scrolls of fog {unknown}
 F - a scroll of enchant armour {unknown}
 H - a scroll of acquirement {unknown}
Potions
 d - a potion of magic
 e - 6 potions of curing
 g - 2 potions of berserk rage
 h - 3 potions of might
 j - 2 potions of degeneration
 n - a potion of haste
 s - 3 potions of heal wounds
 t - a potion of resistance
 z - 2 potions of mutation
 L - a potion of flight
 M - a potion of lignification
Comestibles
 c - 24 rations


   Skills:
 + Level 2.4 Bows
 + Level 9.3 Dodging
 - Level 9.5 Stealth
 - Level 10.0 Spellcasting
 - Level 10.2 Conjurations
 - Level 10.1 Hexes
 * Level 4.8 Charms
 * Level 6.1 Translocations


You had 14 spell levels left.
You knew the following spells:

 Your Spells              Type           Power        Failure   Level  Hunger
a - Magic Dart            Conj           ####         1%          1    None
b - Searing Ray           Conj           ######       1%          2    None
c - Dazzling Flash        Conj/Hex       ######       1%          3    None
d - Fulminant Prism       Conj/Hex       ######....   1%          4    None
e - Iskenderun's Mystic   Conj/Tloc      ######..     2%          4    None
f - Song of Slaying       Chrm           #####...     1%          2    None

Your spell library contained the following spells:

 Spells                   Type           Power        Failure   Level  Hunger
 Infusion                 Chrm           ####         1%          1    None
 Shroud of Golubria       Chrm/Tloc      #####.       1%          2    None
 Spectral Weapon          Hex/Chrm       ######..     1%          3    None
 Ozocubu's Armour         Chrm/Ice       ####....     9%          3    None


Dungeon Overview and Level Annotations

Branches:
Dungeon (11/15)            Temple (0/1) D:4            Lair (1/6) D:8
    Orc (0/2) D:10

Altars:
Cheibriados
Dithmenos
Fedhas
Hepliaklqana
Kikubaaqudgha
Makhleb
Nemelex Xobeh
Okawaru
Qazlal
Ru
Trog
Uskayaw
Xom
Beogh

Shops:
D:4 %   D:9 :   D:10 (

Annotations:
D:3 1 runed translucent door, Crazy Yiuf
D:4 exclusion: oklob sapling
D:7 3 runed translucent doors, zzzzzzzz's ghost, novice TrMo


Message History

The spiny frog stings you!
There is a staircase back to the Dungeon, spattered with blood here.
Casting: Fulminant Prism (dangerous; 1% risk of failure)
Confirm with . or Enter, or press ? or * to list all spells.
You feel sick.
The queen bee stings you but does no damage.
The spiny frog misses you.
Aiming: Disintegrate
Press: ? - help, Shift-Dir - straight line, f - queen bee
Aim: a queen bee (chance to defeat MR: 65%)
The queen bee struggles to resist.
You feel sick. The spiny frog stings you!
* * * LOW HITPOINT WARNING * * *
The queen bee barely misses you.
Aiming: Disintegrate
Press: ? - help, Shift-Dir - straight line, f/p - queen bee
Aim: a queen bee (chance to defeat MR: 65%)
The queen bee is blasted!
* * * LOW HITPOINT WARNING * * *
You feel sick. The spiny frog barely misses you. The queen bee stings you!
You die...

#.# #######.##
#........# .
#........#
%yy.###........#
.y.†..'........#
....#.#........#
y +.#......F.##
#.......y@P#
########+###


You could see a spiny frog and a queen bee.

Vanquished Creatures
  A centaur warrior (D:11)
  A two-headed ogre (D:10)
  An unseen horror (D:10)
  Pikel (D:6)
  Maggie (D:7)
  A komodo dragon (D:8)
  Grinder (D:5)
  A hippogriff (D:10)
  Sigmund (D:5)
  A spriggan (D:8)
  3 wyverns
  3 hungry ghosts
  Menkaure (D:5)
  2 water moccasins
  Duvessa (D:6)
  5 orc warriors (D:10)
  2 porcupines (Lair:1)
  A necrophage (D:9)
  A swamp drake (D:8)
  An ice beast (D:8)
  A phantom (D:6)
  4 sky beasts
  3 slaves (D:6)
  2 black bears
  6 centaurs
  2 ogres
  A crocodile (D:8)
  2 big kobolds
  Blork the orc (D:6)
  5 bullfrogs
  Dowan (D:6)
  2 scorpions
  27 killer bees
  7 wights
  2 howler monkeys (D:9)
  2 bullfrog zombies
  2 centaur zombies
  5 crimson imps
  A quasit (D:9)
  4 hounds
  5 jellies
  3 centaur skeletons
  10 orc wizards
  2 bullfrog skeletons
  8 orc priests
  Jessica (D:2)
  Ijyb (D:5)
  5 iguanas
  11 worker ants
  A hound zombie (D:5)
  3 hound skeletons
  A howler monkey zombie (D:11)
  3 gnolls (D:7)
  6 adders
  2 shadow imps
  An ooze (D:4)
  3 adder skeletons
  4 worms
  5 leopard geckos
  51 orcs
  7 hobgoblins
  16 jackals
  3 quokkas
  4 ball pythons
  6 bats
  3 frilled lizards
  6 goblins
  17 kobolds
  A leopard gecko zombie (D:8)
  A quokka skeleton (D:5)
  A quokka zombie (D:5)
  5 rats
306 creatures vanquished.

Vanquished Creatures (others)
  A wyvern (D:8)
  A human (D:4)
  28 fulminant prisms
30 creatures vanquished.

Grand Total: 336 creatures vanquished

Notes
Turn   | Place    | Note
-------+----------+-------------------------------------------
     0 | D:1      | Chudej the Deep Elf Conjurer began the quest for the Orb.
     0 | D:1      | Reached XP level 1. HP: 10/10 MP: 6/6
   560 | D:1      | Reached XP level 2. HP: 15/15 MP: 6/8
  1272 | D:2      | Found a hide-covered altar of Uskayaw.
  1461 | D:2      | Learned a level 2 spell: Searing Ray
  1499 | D:2      | Reached XP level 3. HP: 19/19 MP: 7/10
  1569 | D:2      | Noticed Jessica
  1574 | D:2      | Killed Jessica
  1574 | D:2      | Reached skill level 5 in Spellcasting
  1814 | D:2      | Reached skill level 5 in Conjurations
  1898 | D:2      | Found a burning altar of Makhleb.
  1976 | D:2      | Reached XP level 4. HP: 20/24 MP: 10/13
  2357 | D:2      | Found a sparkling altar of Nemelex Xobeh.
  2727 | D:3      | Noticed an orc warrior
  2923 | D:3      | Learned a level 3 spell: Dazzling Flash
  2956 | D:3      | Reached XP level 5. HP: 28/28 MP: 11/15
  3194 | D:3      | Found a hazy altar of Hepliaklqana.
  3535 | D:3      | Found a runed translucent door.
  3536 | D:3      | Noticed Crazy Yiuf
  4187 | D:4      | Found a shimmering altar of Xom.
  4243 | D:4      | Found Leiqif Ciunt's Food Emporium.
  4305 | D:4      | Reached XP level 6. HP: 30/32 MP: 13/18
  4599 | D:4      | Found a staircase to the Ecumenical Temple.
  4601 | D:4      | Found a bloodstained altar of Trog.
  4833 | D:4      | Found an ancient bone altar of Kikubaaqudgha.
  4833 | D:4      | Noticed a human
  4837 | D:4      | Killed a human
  5136 | D:5      | Entered Level 5 of the Dungeon
  5146 | D:5      | Noticed Menkaure
  5154 | D:5      | Killed Menkaure
  5154 | D:5      | Reached XP level 7. HP: 27/36 MP: 11/21
  5299 | D:5      | Found a stormy altar of Qazlal.
  5299 | D:5      | Noticed Grinder
  5310 | D:5      | Killed Grinder
  5511 | D:5      | Reached skill level 10 in Spellcasting
  5574 | D:5      | Noticed Ijyb
  5580 | D:5      | Killed Ijyb
  5677 | D:5      | Noticed Sigmund
  5712 | D:6      | Reached skill level 1 in Hexes
  5739 | D:5      | Killed Sigmund
  5739 | D:5      | Reached XP level 8. HP: 28/41 MP: 3/24
  6091 | D:5      | Learned a level 4 spell: Fulminant Prism
  6409 | D:6      | Noticed Pikel
  6424 | D:6      | Killed Pikel
  6424 | D:6      | Reached skill level 5 in Hexes
  6689 | D:6      | Noticed Blork the orc
  6692 | D:6      | Killed Blork the orc
  6757 | D:6      | Reached XP level 9. HP: 24/45 MP: 16/25
  6950 | D:6      | Reached skill level 10 in Conjurations
  7351 | D:6      | Noticed Duvessa
  7359 | D:6      | Killed Duvessa
  7359 | D:6      | Noticed Dowan
  7362 | D:6      | Killed Dowan
  7732 | D:6      | Found a shadowy altar of Dithmenos.
  8321 | D:7      | Found a snail-covered altar of Cheibriados.
  8406 | D:7      | Found a blossoming altar of Fedhas.
  8505 | D:7      | Found a burning altar of Makhleb.
  8712 | D:7      | Found a runed translucent gate.
  8713 | D:7      | Noticed zzzzzzzz's ghost (novice TrMo)
  8727 | D:7      | Identified the +5 dire flail "Giantslayer" {drain, rElec
                  | rF++}
  8728 | D:7      | Found a runed translucent gate.
  8730 | D:7      | Found a runed translucent gate.
  8733 | D:7      | Found a roughly hewn altar of Beogh.
  8836 | D:7      | Noticed Maggie
  8844 | D:7      | Killed Maggie
  9199 | D:7      | Reached skill level 5 in Dodging
  9467 | D:8      | Found a sacrificial altar of Ru.
  9494 | D:8      | Found an iron altar of Okawaru.
  9697 | D:8      | Reached skill level 10 in Hexes
  9804 | D:8      | Reached XP level 10. HP: 50/50 MP: 19/26
 10334 | D:8      | Reached skill level 5 in Stealth
 10599 | D:8      | Found a staircase to the Lair.
 11490 | D:9      | Learned a level 4 spell: Iskenderun's Mystic Blast
 11554 | D:9      | Found Hefukyad's Book Shop.
 12270 | D:10     | Entered Level 10 of the Dungeon
 12289 | D:10     | Reached skill level 1 in Translocations
 12316 | D:10     | Found a staircase to the Orcish Mines.
 12318 | D:10     | Found Oprosk's Weapon Boutique.
 12731 | D:10     | Killed an unseen horror
 12731 | D:10     | Reached XP level 11. HP: 53/53 MP: 20/27
 13228 | D:10     | Noticed a two-headed ogre
 13236 | D:10     | Killed a two-headed ogre
 13933 | D:10     | Learned a level 2 spell: Song of Slaying
 14167 | D:11     | Found a gate leading to a gauntlet.
 14190 | D:11     | Reached skill level 1 in Charms
 14336 | D:11     | Reached skill level 1 in Bows
 14336 | D:11     | Reached skill level 5 in Translocations
 14699 | D:11     | Noticed a centaur warrior
 14708 | D:11     | Killed a centaur warrior
 14725 | D:11     | Noticed a two-headed ogre
 15133 | Lair:1   | Entered Level 1 of the Lair of Beasts
 15545 | Lair:1   | Mangled by a queen bee

Illustrated notes

Levels and vault maps discovered:
D:1:      ebering_trefoil_twist, layout_basic, serial_bayou_pond_d
D:2:      layout_rooms, lemuel_coloured_pillars_altar,
          eat_drink_and_be_merry_uskayaw, lemuel_round_altar, serial_aquarium,
          aquarium_bridge_straight [aquarium_subvault_bridge,
          aquarium_subvault_wall, aquarium_subvault_bridge,
          aquarium_subvault_wall], aquarium_bridge_island_large
          [aquarium_subvault_large_water, aquarium_subvault_bridge,
          aquarium_subvault_wall, aquarium_subvault_bridge,
          aquarium_subvault_wall], aquarium_window_corner, aquarium_window_2,
          aquarium_view_2c, aquarium_balcony_double_1, grunt_ministairs_12,
          uniq_jessica
D:3:      layout_loops_ring, marbit_many_paths, first_ration,
          nicolae_gozag_seed_capital, uniq_crazy_yiuf_cottage
D:4:      layout_cave_pools, kennysheep_mini, lemuel_round_altar,
          minmay_temple_entry_oklob, serial_shops, shop,
          minmay_misc_feat_more_columns, tgw_kikubaaqudgha
D:5:      layout_rooms, old_standard_altar, uniq_ijyb, uniq_sigmund,
          uniq_grinder, uniq_menkaure
D:6:      layout_layer_cave, nicolae_dithmenos_through_a_glass_darkly,
          uniq_duvessa, uniq_blork_the_orc, uniq_pikel
D:7:      layout_basic, nicolae_overflow_crystal_walls, lemuel_doored_altar,
          biasface_ghost_orc_armoury, basic_altar, uniq_maggie
D:8:      layout_basic, overflow_temple_1_default, nicolae_ru_awakened_eye,
          erik_lair_dragon, the_bakery
D:9:      layout_basic, serial_shops, shop
D:10:     layout_long_grid, orc_david_3, mrwooster_statue_mirror
D:11:     layout_layer_cave, gauntlet_entry_generic, kennysheep_generic_room_3
Lair:1:   layout_roguey [special_room_bee], grunt_megastairs_5

Skill      XL: |  1  2  3  4  5  6  7  8  9 10 11 |
---------------+----------------------------------+-----
Spellcasting   | 4 5 6 7 8 10 | 10.0
Conjurations   | 5 6 7 9 10 | 10.2
Hexes          | 2 5 10 | 10.1
Dodging        | 5 8 9 |  9.3
Stealth        | 9 |  9.5
Translocations | 3 6 |  6.1
Charms         | 4 |  4.8
Bows           | 2 |  2.4

Action                   |  1- 3 |  4- 6 |  7- 9 | 10-12 || total
-------------------------+-------+-------+-------+-------++-------
Melee: Unarmed           |     2 |       |       |       ||     2
 Fire: Shortbow          |       |       |    36 |   233 ||   269
 Cast: Magic Dart        |    57 |   141 |   174 |    39 ||   411
       Searing Ray       |     3 |    14 |    40 |    59 ||   116
       Dazzling Flash    |       |       |     4 |     6 ||    10
       Fulminant Prism   |       |       |     4 |    24 ||    28
       Song of Slaying   |       |       |       |     4 ||     4
       Iskenderun's Myst |       |       |       |     1 ||     1
Evoke: Wand              |       |       |       |     6 ||     6
  Use: Scroll            |       |       |       |    12 ||    12
  Eat: Chunk             |     3 |     9 |    13 |    12 ||    37
       Ration            |       |       |     1 |     2 ||     3
Armor: Robe              |     2 |       |       |       ||     2
       Leather armour    |       |     7 |     6 |       ||    13
       Acid dragon scale |       |       |     2 |    48 ||    50
Dodge: Dodged            |    19 |    25 |    57 |   210 ||   311
